Map: Красное смещение РВ

Players

Murena

  • Race: Terran Terran
  • Spawn Location: 11:00

ИИ 1 (эксперт) - Winner!

  • Race: Protoss Protoss
  • Spawn Location: 7:00

VOD

Have the link to the VOD?

Description

Time

  • Played on: March 27, 2019, 2:51 a.m.
  • Length: 5:45
Show
View Real Time Build Order
Export as new Build Order

Murena Terran 

Build Orders:  

Get SALT Encoding   

  12  0:10  Supply Depot  
  12  0:13  SCV  
  13  0:26  SCV  
  14  0:32  Barracks  
  14  0:38  SCV  
  15  0:44  Refinery  
  15  0:50  SCV  
  16  1:02  SCV  
  17  1:11  Supply Depot  
  17  1:19  Orbital Command  
  17  1:20  Marine  
  18  1:27  Refinery  
  18  1:38  Marine  
  19  1:47  Factory, SCV  
  20  1:57  Marine  
  20  2:00  SCV  
  22  2:08  Barracks  
  22  2:12  SCV  
  23  2:15  Barracks Reactor  
  23  2:25  SCV  
  24  2:34  Factory Reactor  
  24  2:37  Starport, SCV  
  24  2:42  Supply Depot  
  25  2:52  Marine x2, SCV  
  25  2:57  Barracks Tech Lab  
  28  3:06  SCV  
  28  3:11  Marine  
  28  3:12  Hellion  
  34  3:13  Hellion  
  34  3:14  Starport Reactor  
  34  3:16  Marine  
  35  3:23  Marauder  
  37  3:30  Supply Depot  
  37  3:35  Hellion  
  37  3:41  Combat Shield  
  39  3:53  Medivac x2  
  43  3:57  Marauder  
  43  3:59  Hellion  
  47  4:06  Supply Depot  
  47  4:21  Supply Depot  
Show
View Real Time Build Order
Export as new Build Order

ИИ 1 (эксперт) Protoss - Winner!

Build Orders:  

Get SALT Encoding   

  12  0:00  Probe  
  13  0:13  Probe  
  14  0:20  Pylon  
  14  0:25  Probe  
  15  0:34  Probe  
  15  0:42  Probe  
  16  0:47  Assimilator  
  17  0:50  Gateway  
  17  0:52  Probe  
  18  1:00  Probe  
  18  1:02  Pylon  
  19  1:08  Probe  
  20  1:18  Probe  
  21  1:30  Probe  
  22  1:39  Zealot  
  24  1:42  Probe, Cybernetics Core  
  25  1:59  Probe  
  25  2:00  Nexus  
  25  2:07  Probe  
  27  2:15  Probe  
  27  2:19  Warp Gate, Stalker  
  30  2:27  Pylon  
  30  2:28  Probe  
  31  2:38  Gateway  
  31  2:41  Assimilator  
  31  2:45  Probe  
  31  2:49  Adept  
  34  2:57  Pylon  
  34  2:58  Probe  
  35  3:06  Probe  
  35  3:12  Probe  
  37  3:14  Probe  
  37  3:19  Adept  
  40  3:22  Robotics Facility  
  40  3:26  Adept  
  42  3:28  Probe  
  42  3:30  Probe  
  44  3:40  Probe  
  45  3:43  Probe  
  46  3:48  Adept  
  46  3:52  Adept, Probe  
  46  3:55  Probe  
  52  4:04  Probe  
  52  4:07  Probe  
  54  4:11  Pylon  
  54  4:12  Robotics Bay  
  54  4:15  Observer  
  54  4:16  Probe  
  56  4:19  Probe  
  56  4:23  Robotics Facility  
  57  4:26  Adept  
  57  4:28  Pylon, Probe  
  57  4:29  Stalker  
  62  4:35  Probe  
  62  4:41  Pylon, Probe, Stalker  
  65  4:47  Probe  
  66  5:03  Gateway  
  66  5:07  Stalker  
  66  5:11  Adept  
  58  5:26  Zealot  
  56  5:30  Adept  
  56  5:39  Pylon  
  56  5:40  Stalker  
Tags
 
Add a new tag
Caveats
  • Supply blocks, unpowered buildings, or Contaminate may cause inaccurate times.
  • Supply counts are checked every 10 seconds.